 Dungeon Crawl Stone Soup version 0.23.2 (webtiles) character file.

Game seed: 13116353357843531829

98 Fang the Skirmisher (level 4, -5/29 HPs)
             Began as a Gargoyle Berserker on Apr 12, 2019.
             Was a Believer of Trog.
             Shot with an arrow by a centaur (9 damage)
             ... on level 2 of the Dungeon.
             The game lasted 00:01:26 (1790 turns).

Fang the Skirmisher (Gargoyle Berserker)            Turns: 1790, Time: 00:01:26

Health: -5/29      AC:  5    Str: 21    XL:     4   Next: 71%
Magic:  4/4        EV: 12    Int:  8    God:    Trog [**....]
Gold:   74         SH:  0    Dex:  9    Spells: 3/3 levels left

rFire    . . .     SeeInvis .   a - +0 hand axe
rCold    . . .     Gourm    .   (no shield)
rNeg     + . .     Faith    .   b - +0 animal skin
rPois    ∞         Spirit   .   (no helmet)
rElec    +         Reflect  .   (no cloak)
rCorr    .         Harm     .   (no gloves)
MR       .....                  (no boots)
Stlth    +.........             (no amulet)
HPRegen  0.09/turn              (no ring)
MPRegen  0.09/turn              (no ring)

@: no status effects
A: negative energy resistance 1, electricity resistance, unbreathing,
petrification resistance, rot immunity, AC +3
a: Berserk, Trog's Hand, Renounce Religion


You were on level 2 of the Dungeon.
You worshipped Trog.
Trog was pleased with you.
You were hungry.

You visited 1 branch of the dungeon, and saw 3 of its levels.

You collected 74 gold pieces.

Inventory:

Hand Weapons
 a - a +0 hand axe (weapon)
Armour
 b - a +0 animal skin (worn)
Scrolls
 d - a scroll of noise {unknown}
 e - a scroll of immolation {unknown}
 f - a scroll of random uselessness {unknown}
 g - a scroll of fear {unknown}
 j - a scroll of enchant weapon {unknown}
 k - a scroll of identify {unknown}
Potions
 h - 2 potions of agility {unknown}
 i - 2 potions of flight {unknown}
 l - a potion of resistance {unknown}
Comestibles
 c - 7 rations


   Skills:
 + Level 4.1 Fighting
 + Level 3.3 Axes
 + Level 3.2 Armour
 + Level 2.3 Dodging


You had 3 spell levels left.
You didn't know any spells.
Your spell library was empty.

Dungeon Overview and Level Annotations

Branches:
Dungeon (3/15)

Altars:
Elyvilon


Innate Abilities, Weirdness & Mutations

You are resistant to torment.
Your stone body is resilient. (AC +3)
You are immune to poison.
You resist negative energy. (rN+)
You are resistant to electric shocks. (rElec)
You can survive without breathing.
You are immune to petrification.
You are immune to rotting.


Message History

The ball python closely misses you. The ball python barely misses you.
You climb upwards.
The centaur shoots an arrow.
The arrow hits you!
The centaur shoots an arrow.
The arrow hits you.
There is a stone staircase leading down here.
You see here 2 arrows.
Okay, then.
You hit the ball python.
The ball python is moderately wounded.
The centaur shoots an arrow.
The arrow barely misses you. The ball python barely misses you.
The ball python misses you.
You hit the ball python.
You kill the ball python!
Trog accepts your kill.
The centaur shoots an arrow.
The arrow misses you.
The centaur shoots an arrow.
The arrow barely misses you.
The centaur shoots an arrow.
The arrow hits you!
* * * LOW HITPOINT WARNING * * *
You see here 2 arrows.
The centaur shoots an arrow.
The arrow hits you!
You die...

.. ##.###.#
....# #.# .
#..##.# ....#
#.# ##.##.# #..
##..#.### ###
#.......#
.######..(....#
.........(....#
........((....#
......c...(@###
.........####
.........#
.........#
.........#
.........#
.........#


You could see a centaur.

Vanquished Creatures
  Terence (D:3)
  3 adders (D:2)
  2 worms (D:2)
  2 dart slugs
  A giant cockroach (D:2)
  4 goblins
  3 hobgoblins (D:1)
  3 jackals (D:1)
  6 kobolds (D:1)
  2 quokkas (D:2)
  2 ball pythons (D:2)
  5 bats
  2 frilled lizards
  4 rats
40 creatures vanquished.

Notes
Turn   | Place    | Note
-------+----------+-------------------------------------------
     0 | D:1      | Fang the Gargoyle Berserker began the quest for the Orb.
     0 | D:1      | Reached XP level 1. HP: 14/14 MP: 1/1
    79 | D:1      | Reached XP level 2. HP: 15/19 MP: 2/2
   603 | D:1      | Reached XP level 3. HP: 16/23 MP: 3/3
  1107 | D:2      | Reached ** piety under Trog
  1158 | D:2      | Found a white marble altar of Elyvilon.
  1185 | D:2      | Reached XP level 4. HP: 23/29 MP: 4/4
  1489 | D:2      | Noticed Terence
  1489 | D:2      | Noticed a centaur
  1503 | D:3      | Killed Terence
  1503 | D:3      | Reached skill level 4 in Fighting
  1790 | D:2      | Shot with an arrow by a centaur

Skill      XL: |  1  2  3  4 |
---------------+-------------+-----
Axes           | 3 |  3.3
Dodging        | 2 |  2.3
Armour         | 3 |  3.2
Fighting       | 4 |  4.1

Action                   |  1- 3 |  4- 6 || total
-------------------------+-------+-------++-------
Melee: Hand axe          |    87 |    12 ||    99
Invok: Berserk           |       |     2 ||     2
  Eat: Chunk             |     1 |     3 ||     4
Armor: Animal skin       |    65 |       ||    65
Dodge: Dodged            |    94 |    16 ||   110
